 Dungeon Crawl Stone Soup version 0.18-a0-750-g37044d6 (webtiles) character file.

79909 JokEr the Brawler (level 15, -15/155 HPs)
             Began as a Ghoul Monk on Dec 12, 2015.
             Was the Champion of Ru.
             Demolished by a large abomination (24 damage)
             ... on level 1 of the Abyss.
             The game lasted 02:13:38 (36723 turns).

JokEr the Brawler (Ghoul Monk)                     Turns: 36723, Time: 02:13:41

Health: -15/155    AC: 15    Str: 24    XL:     15   Next: 65%
Magic:  14/14      EV:  7    Int:  5    God:    Ru [******]
Gold:   748        SH:  0    Dex: 11    Spells: 0 memorised, 14 levels left

rFire  + . .     SeeInvis .       - Unarmed
rCold  + . .     Clarity  .     e - +6 chain mail "Nomorph" {rF+ MR- Slay+2}
rNeg   + + +     SustAt   .     (no shield)
rPois  ∞         Gourm    .     (no helmet)
rElec  .         Spirit   .     (no cloak)
rCorr  .         Dismiss  .     (no gloves)
rMut   .         Stasis   .     X - +0 pair of boots
MR     .....                    D - amulet of regeneration
Stlth  ..........               P - +2 ring of strength
                                q - +3 ring of slaying

@: no scrolls, rotting, heavily drained, not resistant to hostile enchantments,
extremely unstealthy
A: rotting body, claws 1, carnivore 3, cold resistance 1, negative energy
resistance 3, slow regeneration 1, torment resistance, unbreathing, inability to
read while threatened, no stealth, hated by all, inability to train dodging,
magic vulnerability 1, inexperienced 1
a: Draw Out Power, Power Leap, Apocalypse, Renounce Religion


You were on level 1 of the Abyss.
You worshipped Ru.
Ru was exalted by your worship.
You were not hungry.

You visited 4 branches of the dungeon, and saw 26 of its levels.
You visited the Abyss 1 time.
You visited 1 bazaar.
You also visited: Sewer and Bailey.

You collected 2043 gold pieces.
You spent 1295 gold pieces at shops.

Inventory:

Armour
 e - the +6 chain mail "Nomorph" (worn) {rF+ MR- Slay+2}
   (You acquired it on level 2 of the Lair of Beasts)

   It affects your accuracy and damage with ranged weapons and melee attacks
   (+2).
   It protects you from fire.
   It affects your resistance to hostile enchantments.
 I - a +0 helmet
 X - a +0 pair of boots (worn)
Jewellery
 q - a +3 ring of slaying (left claw)
 D - an amulet of regeneration (around neck)
 P - a +2 ring of strength (right claw)
 Q - a +3 ring of dexterity {unknown}
Wands
 f - a wand of confusion (24)
 g - a wand of magic darts (13)
 j - a wand of magic darts (31)
 u - a wand of confusion (18)
 w - a wand of digging (10)
 y - a wand of fireball (9)
 A - a wand of frost (13)
 C - a wand of digging (4)
 E - a wand of lightning (5)
 G - a wand of slowing (26)
 L - a wand of paralysis (24)
 M - a wand of frost (30)
 N - a wand of polymorph (14)
 W - a wand of fireball (7)
Scrolls
 d - 6 scrolls of teleportation
 h - 5 scrolls of identify
 l - a scroll of acquirement
 o - 4 scrolls of recharging
 s - 7 scrolls of remove curse
 F - 7 scrolls of enchant armour
 H - a scroll of blinking
 J - a scroll of fog
 O - 2 scrolls of fear
 T - 5 scrolls of magic mapping
Potions
 c - 2 potions of brilliance
 i - 2 potions of invisibility
 m - 4 potions of flight
 r - 3 potions of resistance
 v - a potion of magic
 x - a potion of ambrosia {unknown}
 V - a potion of experience {unknown}
 Y - 2 potions of might
Books
 a - a book of Beasts

   Spells                             Type                      Level
   a - Summon Butterflies             Summoning                    1
   b - Call Canine Familiar           Summoning                    3
   c - Summon Ice Beast               Ice/Summoning                4
   d - Summon Mana Viper              Hexes/Summoning              5
   e - Summon Hydra                   Summoning                    7
 k - a book of Transfigurations

   Spells                             Type                      Level
   a - Stoneskin                      Transmutation/Earth          2
   b - Irradiate                      Conjuration/Transmutation    5
   c - Statue Form                    Transmutation/Earth          6
   d - Hydra Form                     Transmutation                6
   e - Dragon Form                    Transmutation                7
 p - a book of Geomancy

   Spells                             Type                      Level
   a - Sandblast                      Earth                        1
   b - Stoneskin                      Transmutation/Earth          2
   c - Passwall                       Transmutation/Earth          3
   d - Stone Arrow                    Conjuration/Earth            3
   e - Petrify                        Transmutation/Earth          4
   f - Lee's Rapid Deconstruction     Earth                        5
 t - a book of Hinderance

   Spells                             Type                      Level
   a - Confusing Touch                Hexes                        2
   b - Confuse                        Hexes                        3
   c - Gell's Gravitas                Hexes/Translocation          3
   d - Petrify                        Transmutation/Earth          4
   e - Metabolic Englaciation         Hexes/Ice                    5
   f - Yara's Violent Unravelling     Hexes/Transmutation          5
 R - a book of the Warp

   Spells                             Type                      Level
   a - Recall                         Summoning/Translocation      3
   b - Gell's Gravitas                Hexes/Translocation          3
   c - Force Lance                    Conjuration/Translocation    4
   d - Phase Shift                    Translocation                5
   e - Warp Weapon                    Charms/Translocation         5
   f - Summon Forest                  Summoning/Translocation      5
 S - a book of Death

   Spells                             Type                      Level
   a - Corpse Rot                     Necromancy                   2
   b - Sublimation of Blood           Necromancy                   2
   c - Agony                          Necromancy                   5
   d - Dispel Undead                  Necromancy                   5
   e - Excruciating Wounds            Charms/Necromancy            5
   f - Bolt of Draining               Conjuration/Necromancy       5
Comestibles
 b - 12 meat rations
 n - a royal jelly
 B - 7 beef jerkies


   Skills:
 + Level 20.1(16.6) Fighting
 + Level 20.3(16.8) Unarmed Combat


You had 14 spell levels left.
You didn't know any spells.

Dungeon Overview and Level Annotations

Branches:
Dungeon (15/15)            Temple (1/1) D:5            Lair (8/8) D:11
  Swamp (0/4) Lair:6       Spider (0/4) Lair:5        Slime (0/6) Lair:7
    Orc (2/4) D:11         Vaults (0/5) D:14         Depths (0/5) D:15

Altars:
Ashenzari
Cheibriados
Dithmenos
Elyvilon
Fedhas
Gozag
Kikubaaqudgha
Makhleb
Nemelex Xobeh
Okawaru
Pakellas
Qazlal
Ru
Sif Muna
Trog
Vehumet
Xom
Yredelemnul
Zin
The Shining One
Jiyva

Shops:
D:4 [   D:12 [   D:14 %   Orc:1 }(%*?

Portals:
Trove: D:11 (give wand of heal wounds (8))

Annotations:
D:10 Urug
Orc:2 Sonja


Innate Abilities, Weirdness & Mutations

Your body is rotting away.
You thrive on raw meat.
You are immune to poison.
You have sharp fingernails.
You are carnivorous and can eat meat at any time.
Your flesh is cold resistant.
You are immune to negative energy.
You regenerate slowly when monsters are visible.
You are immune to unholy pain and torment.
You can survive without breathing.
You cannot read scrolls while threatened.
You cannot be stealthy.
You are hated by all.
You cannot train Dodging skill.
You are slightly vulnerable to magic.
You are somewhat inexperienced (-2 XL).


Message History

A chorus of shrieks assaults your mind.
* * * LOW HITPOINT WARNING * * *
You feel less exhausted. The large abomination hits you.
* * * LOW HITPOINT WARNING * * *
You focus your will and illuminate the large abomination in retribution!
The starcursed mass engulfs you but does no damage.
A large abomination comes into view.
A chorus of shrieks assaults your mind.
* * * LOW HITPOINT WARNING * * *
The starcursed mass shrieks in your mind.
* * * LOW HITPOINT WARNING * * *
A starcursed mass splits.
The wraith disappears in a puff of smoke!
You redirect the shadow's attack!
A chorus of shrieks assaults your mind.
* * * LOW HITPOINT WARNING * * *
The large abomination hits you!!
You feel threatened and lose the ability to read scrolls!
You die...

#.....# #.....# ##
## ..#... . . .
#.... ##. #. #.#...
.... .###.#.. .X .#
..##..# ## ..# ..
#.#.#@#..#
......##.#.X..##
##. #.X#§##.# .
..#....X##X#..####
..
##..#####.hW#.....#
3# ...
.§##.....#..# . .
##. #.......#.# #.
#.#...#..#R#..## .
#. # .#.###.#.§.##


You could see 3 starcursed masses, a large abomination, a raiju and a shadow.

Vanquished Creatures
  Maud (D:10)
  A war gargoyle (D:12)
  A dire elephant (D:15)
  A fire dragon (Lair:8)
  9 hydras
  Harold (D:11)
  A rakshasa (D:13)
  2 centaur warriors (D:15)
  2 catoblepae
  13 death yaks
  4 tengu warriors
  A thrashing horror (Abyss:1)
  A shock serpent (shapeshifter) (D:14)
  A wretched star (Abyss:1)
  The ghost of Yermak the Cardsharp, a novice FoAr of Nemelex Xobeh (D:8)
  A fire crab (Lair:8)
  3 hill giants
  A lindwurm (Lair:8)
  2 cyclopes (D:13)
  4 orc knights
  An orb spider (Lair:5)
  A salamander (D:15)
  A griffon (Lair:3)
  5 ugly things
  2 oklob plants
  2 manticores
  7 elephants
  11 gargoyles
  2 torpor snails (Lair:8)
  8 black mambas
  15 spiny frogs
  15 komodo dragons
  A redback zombie (D:13)
  4 fire drakes
  A kobold demonologist (D:13)
  2 trolls
  4 yaktaurs (D:15)
  A tengu conjurer (D:15)
  2 polar bears
  3 two-headed ogres
  A queen bee (shapeshifter) (D:14)
  2 boulder beetles (Lair:8)
  A giant leech (Lair:8)
  Grinder (D:6)
  15 blink frogs
  A spriggan (shapeshifter) (D:14)
  A trapdoor spider zombie (D:11)
  A shadow (D:13)
  Sigmund (D:6)
  A trapdoor spider (D:15)
  3 wraiths
  2 deep elf magi
  2 hungry ghosts
  49 yaks
  Grum (D:8)
  Eustachio (D:5)
  7 hippogriffs
  5 wyverns
  A large abomination (Abyss:1)
  4 mottled dragons
  2 steam dragons (Lair:8)
  2 vampire mosquitoes (D:14)
  7 basilisks
  18 wolves
  Edmund (D:5)
  15 water moccasins
  13 porcupines
  Duvessa (D:6)
  3 swamp drakes (Lair:8)
  7 ice beasts
  6 sky beasts
  An eye of draining (shapeshifter) (D:14)
  22 orc warriors
  14 centaurs
  An eye of draining (D:12)
  6 ogres
  2 phantoms
  2 big kobolds
  19 crocodiles
  Dowan (D:6)
  A wyvern zombie (D:9)
  17 giant frogs
  A wyvern skeleton (D:12)
  5 scorpions
  6 killer bees (D:10)
  A small abomination (Abyss:1)
  11 wights
  2 electric eels
  11 crimson imps
  5 centaur zombies
  A giant frog zombie (D:7)
  5 hounds
  A quasit (D:13)
  A jelly (D:8)
  16 orc priests
  25 orc wizards
  2 giant frog skeletons
  7 iguanas
  9 sheep
  10 worker ants
  3 hound skeletons
  A worker ant zombie (D:5)
  7 gnolls
  16 adders
  75 river rats
  4 shadow imps
  An ooze (D:1)
  An adder zombie (D:9)
  2 worms
  114 orcs
  A ball python (D:2)
  12 giant cockroaches
  10 hobgoblins
  5 jackals
  9 kobolds
  7 quokkas
  10 bats
  8 giant geckos
  2 giant gecko skeletons (D:4)
  10 giant newts
  10 goblins
  A jackal zombie (D:9)
  A quokka skeleton (D:10)
  A quokka zombie (D:5)
  10 rats
  A plant (Lair:1)
841 creatures vanquished.

Vanquished Creatures (others)
  A centaur warrior (D:14)
  A porcupine (Lair:3)
  A centaur (D:14)
  A small abomination (Abyss:1)
  A crimson imp (D:8)
  A quasit (D:8)
  A starcursed mass (Abyss:1)
  2 river rats (Lair:8)
  An orc (D:10)
  15 fungi
  A lurking horror (Abyss:1)
  18 plants
  26 starspawn tentacles (Abyss:1)
  93 starspawn tentacle segments (Abyss:1)
163 creatures vanquished.

Grand Total: 1004 creatures vanquished

Notes
Turn   | Place    | Note
--------------------------------------------------------------
     0 | D:1      | JokEr the Ghoul Monk began the quest for the Orb.
     0 | D:1      | Reached XP level 1. HP: 19/19 MP: 0/0
   280 | D:1      | Reached XP level 2. HP: 16/25 MP: 1/1
  1108 | D:2      | Reached XP level 3. HP: 33/33 MP: 2/2
  1151 | D:2      | Reached skill level 5 in Unarmed Combat
  1441 | D:2      | Reached XP level 4. HP: 31/41 MP: 3/3
  1816 | D:2      | Found a sparkling altar of Nemelex Xobeh.
  2337 | D:3      | Found a glowing drain.
  2393 | Sewer    | Entered a sewer
  2489 | Sewer    | Noticed a big kobold
  2504 | Sewer    | Reached XP level 5. HP: 47/47 MP: 4/4
  2562 | Sewer    | Reached skill level 5 in Fighting
  2562 | Sewer    | Reached skill level 6 in Unarmed Combat
  2577 | Sewer    | HP: 2/47 [kobold (1)]
  2948 | D:3      | Reached XP level 6. HP: 45/56 MP: 5/5
  2986 | D:3      | Found a faded altar to an unknown god.
  3573 | D:4      | Found Sushrism's Antique Armour Emporium.
  3658 | D:4      | Found an oddly glowing altar of Pakellas.
  3676 | D:4      | Found a deep blue altar of Sif Muna.
  3686 | D:4      | Found an opulent altar of Gozag.
  3689 | D:4      | Found a burning altar of Makhleb.
  3949 | D:4      | Reached skill level 7 in Unarmed Combat
  3984 | D:4      | Reached XP level 7. HP: 45/63 MP: 6/6
  4249 | D:4      | Found a glowing silver altar of Zin.
  4479 | D:4      | Found a radiant altar of Vehumet.
  4558 | D:5      | Entered Level 5 of the Dungeon
  4576 | D:5      | Reached skill level 8 in Unarmed Combat
  4835 | D:5      | Reached XP level 8. HP: 73/73 MP: 7/7
  4938 | D:5      | Noticed Eustachio
  4972 | D:5      | Killed Eustachio
  5169 | D:5      | Found a staircase to the Ecumenical Temple.
  5188 | Temple   | Entered the Ecumenical Temple
  5435 | Temple   | Became a worshipper of Ru the Awakened
  5445 | Temple   | Gained mutation: You are slightly vulnerable to magic. [Ru sacrifice]
  5445 | Temple   | Reached * piety under Ru
  5587 | D:5      | Reached skill level 9 in Unarmed Combat
  5852 | D:6      | Noticed Edmund
  5854 | D:6      | Noticed Sigmund
  5870 | D:5      | Killed Edmund
  5930 | D:6      | Killed Sigmund
  6318 | D:6      | Noticed Dowan
  6325 | D:6      | Noticed Duvessa
  6331 | D:6      | Killed Duvessa
  6357 | D:6      | Killed Dowan
  6357 | D:6      | Reached XP level 9. HP: 71/83 MP: 8/8
  6743 | D:6      | Reached skill level 10 in Unarmed Combat
  6806 | D:6      | Noticed Grinder
  6820 | D:6      | Killed Grinder
  6892 | D:6      | Reached skill level 10 in Fighting
  7035 | D:6      | Found a deep blue altar of Sif Muna.
  7398 | D:7      | Reached skill level 11 in Unarmed Combat
  8588 | D:8      | Reached XP level 10. HP: 90/95 MP: 9/9
  8677 | D:8      | Noticed Yermak's ghost (novice FoAr)
  9155 | D:8      | Gained mutation: You cannot train Dodging skill. [Ru sacrifice]
  9155 | D:8      | Reached ** piety under Ru
 10050 | D:8      | Noticed Grum
 10069 | D:8      | Killed Grum
 10071 | D:8      | Reached skill level 12 in Unarmed Combat
 11369 | D:9      | Noticed a hill giant
 11383 | D:9      | Killed a hill giant
 12080 | D:9      | Reached skill level 13 in Unarmed Combat
 12105 | D:9      | Reached XP level 11. HP: 84/105 MP: 10/10
 12689 | D:10     | Entered Level 10 of the Dungeon
 12805 | D:10     | Noticed Urug
 13780 | D:10     | Gained mutation: You cannot be stealthy. [Ru sacrifice]
 13780 | D:10     | Reached *** piety under Ru
 13825 | D:10     | Noticed Maud
 13868 | D:10     | Killed Maud
 13868 | D:10     | Reached skill level 14 in Unarmed Combat
 15073 | D:11     | Found a staircase to the Orcish Mines.
 15379 | D:11     | Noticed Harold
 15392 | D:11     | Killed Harold
 15602 | D:11     | Found a staircase to the Lair.
 15839 | D:11     | Reached XP level 12. HP: 75/115 MP: 11/11
 15879 | D:11     | Found a portal to a secret trove of treasure.
 16079 | Lair:1   | Entered Level 1 of the Lair of Beasts
 16556 | Lair:1   | Noticed a four-headed hydra
 16567 | Lair:1   | Killed a four-headed hydra
 16567 | Lair:1   | Reached skill level 15 in Unarmed Combat
 16972 | Lair:1   | Gained mutation: You are somewhat inexperienced (-2 XL). [Ru sacrifice]
 16972 | Lair:1   | Reached XP level 11. HP: 111/111 MP: 10/10
 16972 | Lair:1   | Reached XP level 10. HP: 104/104 MP: 9/9
 16972 | Lair:1   | Reached **** piety under Ru
 17121 | Lair:1   | Noticed an oklob plant
 17140 | Lair:1   | Killed an oklob plant
 17150 | Lair:1   | Got a distressingly furry ring mail
 17283 | Lair:1   | Identified the +4 ring mail of Hairiness {rN+ Str-3 SInv} (You found it on level 1 of the Lair of Beasts)
 17837 | Lair:2   | Reached skill level 15 in Fighting
 18244 | Lair:2   | Reached XP level 11. HP: 110/112 MP: 10/10
 18475 | Lair:2   | Identified a scroll of acquirement
 18478 | Lair:2   | Got a smoking chain mail
 18489 | Lair:2   | Identified the +6 chain mail "Nomorph" {rF+ MR- Slay+2} (You acquired it on level 2 of the Lair of Beasts)
 20798 | Lair:4   | Noticed a seven-headed hydra
 21257 | Lair:4   | Reached skill level 16 in Unarmed Combat
 21460 | Lair:4   | Noticed a six-headed hydra
 21468 | Lair:4   | Killed a six-headed hydra
 21868 | Lair:4   | Noticed a catoblepas
 21877 | Lair:4   | Killed a catoblepas
 22027 | Lair:4   | Killed a seven-headed hydra
 22027 | Lair:4   | Reached XP level 12. HP: 89/122 MP: 10/11
 22415 | Lair:5   | Found a hole to the Spider Nest.
 23187 | Lair:5   | Found a basalt altar of Yredelemnul.
 23801 | Lair:6   | Found a staircase to the Swamp.
 24184 | Lair:6   | Reached skill level 17 in Unarmed Combat
 24967 | Lair:7   | Noticed a seven-headed hydra
 24976 | Lair:7   | Killed a seven-headed hydra
 24976 | Lair:7   | Reached XP level 13. HP: 115/132 MP: 12/12
 25029 | Lair:7   | Found a staircase to the Slime Pits.
 25030 | Lair:7   | Found a viscous altar of Jiyva.
 26145 | Lair:8   | Entered Level 8 of the Lair of Beasts
 26740 | Lair:8   | Reached skill level 18 in Unarmed Combat
 27368 | Lair:8   | Reached XP level 14. HP: 83/142 MP: 13/13
 28916 | Lair:8   | Reached skill level 19 in Unarmed Combat
 29065 | Lair:8   | Gained mutation: You are hated by all. [Ru sacrifice]
 29065 | Lair:8   | Reached ***** piety under Ru
 29547 | D:8      | Killed Yermak's ghost
 30308 | D:12     | Found Okogoett's Armour Emporium.
 30634 | D:12     | Noticed a war gargoyle
 30638 | D:12     | Killed a war gargoyle
 31254 | D:13     | Found a flagged portal.
 31351 | Bailey   | Entered a bailey
 31478 | Bailey   | Reached XP level 15. HP: 84/152 MP: 14/14
 31574 | Bailey   | Gained mutation: You cannot read scrolls while threatened. [Ru sacrifice]
 31574 | Bailey   | Reached ****** piety under Ru
 32954 | D:14     | Found a gate to the Vaults.
 33017 | D:14     | Found Utanejuo's Food Emporium.
 33076 | D:15     | Entered Level 15 of the Dungeon
 33253 | D:15     | Found a flickering gateway to a bazaar.
 33310 | Bazaar   | Entered a bazaar
 33310 | Bazaar   | Found Ymocsaon's Armour Emporium.
 33310 | Bazaar   | Found Nutexkum's Weapon Shoppe.
 33310 | Bazaar   | Found Daqaunif's Magic Scroll Emporium.
 33312 | Bazaar   | Found Xolit's Jewellery Shoppe.
 33320 | Bazaar   | Bought a +3 ring of slaying for 450 gold pieces
 33328 | Bazaar   | Bought the +3 chain mail of Zocwygic {rN+ Regen+} for 429 gold pieces
 33376 | D:15     | Found a staircase to the Depths.
 33395 | D:15     | Reached skill level 20 in Unarmed Combat
 33399 | D:15     | HP: 7/155 [salamander/trident (10)]
 35135 | Orc:1    | Entered Level 1 of the Orcish Mines
 35135 | Orc:1    | Found Omijuh's Magic Scroll Shop.
 35189 | Orc:1    | Bought a scroll of enchant armour for 120 gold pieces
 35189 | Orc:1    | Bought a scroll of enchant armour for 120 gold pieces
 35189 | Orc:1    | Bought a scroll of blinking for 120 gold pieces
 35189 | Orc:1    | Bought a scroll of fear for 56 gold pieces
 35240 | Orc:1    | Found Vakhlap's Food Emporium.
 35249 | Orc:1    | Found Wikhuon's Antique Weapon Emporium.
 35328 | Orc:1    | Found Zyuhef's Gadget Shoppe.
 35368 | Orc:1    | Found Luzxaor's Assorted Antiques.
 35665 | Orc:2    | Noticed Sonja
 35674 | Orc:2    | Cast into level 1 of the Abyss (Sonja)
 35859 | Abyss:1  | Found a corrupted altar of Lugonu.
 36022 | Abyss:1  | Noticed a tentacled starspawn
 36066 | Abyss:1  | Noticed a tentacled starspawn
 36116 | Abyss:1  | Noticed a tentacled starspawn
 36217 | Abyss:1  | Noticed a tentacled starspawn
 36261 | Abyss:1  | Noticed a tentacled starspawn
 36271 | Abyss:1  | Found an iron altar of Okawaru.
 36385 | Abyss:1  | Noticed a tentacled starspawn
 36610 | Abyss:1  | Noticed a deep elf sorcerer
 36723 | Abyss:1  | Demolished by a large abomination

Vault maps used:
D:1:      dpeg_arrival_stonehenge_12_columns
D:2:      first_bread, nemelex_diamond_rough_becter
D:3:      gup_sewer_entry_pipe, ecumenical_altar_1
D:4:      vehumet_altar_wand_db, grunt_temple_overflow_cloverleaf, zin_treasury,
          serial_shops, kennysheep_mini
D:5:      minmay_temple_entry_statues, uniq_eustachio
D:6:      kennysheep_orc_sif_temple, uniq_sigmund, uniq_duvessa, uniq_grinder,
          uniq_edmund
D:7:      corexii_hall_statues_l
D:8:      statuecave_lemuel, uniq_grum
D:10:     uniq_urug, uniq_maud
D:11:     dpeg_lair_monsters, hiddenorc2_lemuel, enter_trove_1, uniq_harold
D:12:     gargoyle_guard, serial_shops, shop
D:13:     enter_bailey_3
D:14:     david_vaults_2, serial_shops, shop_statue
D:15:     hangedman_depths_entry_try_elsewhere_first, serial_shops,
          bzr_in_the_mist, hangedman_decor_lopped
Temple:   minmay_temple_curvy_14
Lair:1:   minmay_lair_oklob_items
Lair:2:   guppyfry_lair_drakes, grunt_megastairs_2
Lair:3:   grunt_forest_stairs_basic, serial_bayou_shore_a
Lair:5:   nicolae_spider_entry_orb_guardian, lemuel_oklob_altar
Lair:6:   swamp_mist_pool, minivault_23, serial_bayou_shore_b,
          grunt_megastairs_1
Lair:7:   slime_altar_1
Lair:8:   hangedman_lair_in_review, guppyfry_lair_end_dragon
Orc:1:    serial_shops, shop, shop, nicolae_shop_stone, shop, shop
Orc:2:    basic_altar, uniq_sonja
Bazaar:   bazaar_general_marketplace
Sewer:    sewer_kobolds
Bailey:   bailey_polearm_5, bailey

Action                   |  1- 3 |  4- 6 |  7- 9 | 10-12 | 13-15 || total
-------------------------+-------+-------+-------+-------+-------++-------
Melee: Unarmed           |    99 |   313 |   300 |  1116 |  1135 ||  2963
Invok: Sacrifice Essence |       |       |     1 |       |       ||     1
       Draw Out Power    |       |       |       |     2 |    12 ||    14
       Sacrifice Nimblen |       |       |       |     1 |       ||     1
       Sacrifice Experie |       |       |       |     1 |       ||     1
       Power Leap        |       |       |       |     8 |     9 ||    17
       Sacrifice Stealth |       |       |       |     1 |       ||     1
       Apocalypse        |       |       |       |       |     3 ||     3
       Sacrifice Love    |       |       |       |       |     1 ||     1
       Sacrifice Words   |       |       |       |       |     1 ||     1
  Use: Scroll            |     5 |     6 |     3 |    20 |     5 ||    39
       Potion            |       |       |       |    17 |    13 ||    30
 Stab: Sleeping          |     4 |     1 |       |       |       ||     5
       Distracted        |     1 |       |       |     4 |     2 ||     7
       Invisible         |       |       |       |     8 |    20 ||    28
       Paralysed         |       |       |       |       |    13 ||    13
       Petrifying        |       |       |       |       |     1 ||     1
       Confused          |       |       |       |       |     1 ||     1
  Eat: Chunk             |    16 |    42 |    71 |   335 |   345 ||   809
       Royal jelly       |       |       |       |       |     2 ||     2
       Meat ration       |       |       |       |       |     1 ||     1
